 Dungeon Crawl Stone Soup version 0.21.1-1-g345015f (webtiles) character file.

69181 goulibeur the Envoy of Void (level 14, -1/113 HPs)
             Began as a Demonspawn Abyssal Knight on June 28, 2018.
             Was a High Priest of Lugonu.
             Slain by an orc warrior
             ... wielding a +0 trident
             ... led by an orc knight
              (20 damage)
             ... on level 1 of the Orcish Mines on June 30, 2018.
             The game lasted 02:20:06 (24710 turns).

goulibeur the Envoy of Void (DsAK)                 Turns: 24710, Time: 02:20:07

Health: -1/113     AC: 32    Str: 18    XL:     14   Next: 89%
Magic:  0/27       EV: 11    Int: 14    God:    Lugonu [*****.]
Gold:   2571       SH:  7    Dex: 17    Spells: 13/13 levels left

rFire    + + .     SeeInvis .   x - +3 falchion of Ruyt Jis {flame, rF++ MR-}
rCold    . . .     Gourm    .   Q - +0 buckler {AC+3}
rNeg     . . .     Faith    .   m - +1 plate armour {rPois}
rPois    +         Spirit   +   r - +1 helmet
rElec    +         Reflect  .   K - +2 cloak
rCorr    .         Harm     .   h - +3 pair of gauntlets of War {Slay+5}
MR       +....                  (no boots)
Stlth    ..........             q - amulet of regeneration
HPRegen  0.68/turn              k - ring of protection from magic
MPRegen  0.40/turn              L - +5 ring of strength

@: drained
A: hooves 2, thin metallic scales 3, demonic guardian 1, magic shield, magic
regeneration, magic link
a: Depart the Abyss, Bend Space, Banish, Corrupt, Enter the Abyss, Renounce
Religion


You were on level 1 of the Orcish Mines.
You worshipped Lugonu.
Lugonu was extremely pleased with you.
You were very hungry.

You visited 3 branches of the dungeon, and saw 22 of its levels.
You visited the Abyss 1 time.
You also visited: Bailey.

You collected 2571 gold pieces.

Inventory:

Hand Weapons
 w - a +2 war axe
 x - the +3 falchion of Ruyt Jis (weapon) {flame, rF++ MR-}
   (You found it on level 5 of the Dungeon)

   It has been specially enchanted to burn those struck by it, causing extra
   injury to most foes and up to half again as much damage against particularly
   susceptible opponents.
   Big, fiery blades are also staple armaments of hydra-hunters.
   It greatly protects you from fire.
   It affects your resistance to hostile enchantments.
Armour
 h - the +3 pair of gauntlets of War (worn) {Slay+5}
   (You found it in a bailey)

   It affects your accuracy and damage with ranged weapons and melee attacks
   (+5).
 m - a +1 plate armour of poison resistance (worn)
 r - a +1 helmet (worn)
 K - a +2 cloak (worn)
 Q - a +0 buckler of protection (worn)
Jewellery
 a - an uncursed ring of protection from cold
 d - an uncursed ring of poison resistance
 k - a ring of protection from magic (left hand)
 q - an amulet of regeneration (around neck)
 s - an uncursed ring of protection from cold
 A - an uncursed ring of protection from fire
 L - a +5 ring of strength (right hand)
 N - an uncursed ring of resist corrosion
 S - an uncursed ring of see invisible
 Z - a +4 ring of evasion
Wands
 t - a wand of flame (163)
 D - a wand of paralysis (20)
 I - a wand of polymorph (3)
 P - a wand of disintegration (30)
 R - a wand of digging (13)
Scrolls
 f - 2 scrolls of blinking
 g - 12 scrolls of remove curse
 v - a scroll of summoning {unknown}
 y - 2 scrolls of fear
 B - 4 scrolls of fog
 C - 4 scrolls of magic mapping
 H - 7 scrolls of teleportation
 M - 4 scrolls of enchant armour
 U - a scroll of identify
 Y - 3 scrolls of enchant weapon
Potions
 b - 2 potions of curing
 e - a potion of heal wounds
 j - 3 potions of resistance
 l - 3 potions of flight
 n - 2 potions of mutation
 o - 5 potions of might
 u - a potion of berserk rage
 z - a potion of haste
 E - 2 potions of invisibility
 X - a potion of agility
Books
 i - a book of Necromancy

   Spells                             Type                      Level
   a - Pain                           Necromancy                   1
   b - Animate Skeleton               Necromancy                   1
   c - Vampiric Draining              Necromancy                   3
   d - Regeneration                   Charms/Necromancy            3
   e - Animate Dead                   Necromancy                   4
   f - Borgnjor's Vile Clutch         Necromancy/Earth             5
Comestibles
 c - 23 rations
 p - 4 chunks of flesh


   Skills:
 + Level 11.4(10.8) Fighting
   Level 1.7(1.2) Short Blades
 + Level 10.5(9.9) Armour
 + Level 10.2(9.6) Dodging
 + Level 10.2(9.6) Shields
 - Level 18.5(17.8) Invocations


You had 13 spell levels left.
You didn't know any spells.

Dungeon Overview and Level Annotations

Branches:
Dungeon (14/15)            Temple (0/1) D:5            Lair (6/6) D:11
  Swamp (0/4) Lair:2        Snake (0/4) Lair:3        Slime (0/5) Lair:6
    Orc (2/2) D:12
    Elf: Orc:2       Vaults: D:13-14

Altars:
Cheibriados
Dithmenos
Elyvilon
Gozag
Hepliaklqana
Kikubaaqudgha
Makhleb
Nemelex Xobeh
Okawaru
Qazlal
Ru
Trog
Vehumet
Wu Jian
Xom
Zin
The Shining One

Shops:
D:7 =   D:8 [   D:13 }

Portals:
Hell: Lair:6

Annotations:
Lair:4 exclusion: oklob plant
Lair:6 exclusion: oklob plant
Abyss:1 Snorg


Innate Abilities, Weirdness & Mutations

You have hoof-like feet.
You are completely covered in thin metallic scales. (AC +4, rElec)
A weak demonic guardian rushes to your aid.
When hurt, damage is shared between your health and your magic reserves.
You regenerate magic rapidly.
When low on magic, you restore magic in place of health.


Message History

Your quasit bites the orc warrior.
Your quasit claws the orc warrior but does no damage. x2
Your quasit misses the orc warrior.
Your quasit closely misses the orc warrior.
Your quasit claws the orc warrior but does no damage.
Press: ? - help, Shift-Dir - straight line, f - orc warrior
Aim: an orc warrior, wielding a trident and wearing a plate armour (lightly wounded, unusually strong, chance to defeat MR: 90%)
The orc warrior barely resists.
You are feeling very hungry.
You block the orc warrior's attack.
Your quasit bites the orc warrior but does no damage.
Your quasit claws the orc warrior but does no damage.
Your quasit misses the orc warrior.
Press: ? - help, Shift-Dir - straight line, f - orc warrior, p - orc warrior
Aim: an orc warrior, wielding a glaive and wearing a chain mail (unusually strong, chance to defeat MR: 90%)
The orc warrior is devoured by a tear in reality.
Lugonu claims a new guest.
You feel somewhat more hungry. The orc warrior closely misses you.
The orc warrior hits you with a trident!!
You die...

##.##.....#.######
####............##..##
#....................#
........>÷...#......####
#.................####.##
##.#................#...#
.####..........#.......##
..##.......)#.§5.......#
..#........#5^§o@.#.#.##
)).........##.##.#...##
).##..##..#########.##
......#..)[.## ###
.........[[..##
......##.##.#.##
......####.(...#
........##..[..##
........)#().[..#


You could see an orc warrior and a friendly quasit.

Vanquished Creatures
  The ghost of eyesofgods1 the Eclecticist, a journeyman DEEE of Vehumet (Lair:6)
  4 hydras
  6 death yaks (Lair:2)
  A tengu warrior (D:13)
  A sixfirhy (Lair:6)
  An unseen horror (D:13)
  A wizard (Lair:6)
  2 deep elf magi
  4 orc knights (Orc:1)
  2 orc sorcerers (Orc:1)
  2 ugly things (D:13)
  4 cyclopes
  A manticore (D:11)
  8 elephants
  A torpor snail (Lair:6)
  A gargoyle (D:13)
  A smoke demon (Lair:6)
  5 black mambas
  3 orange demons (Lair:6)
  10 spiny frogs
  A rime drake (shapeshifter) (D:14)
  2 kobold demonologists (D:13)
  2 rime drakes
  An ice devil (Lair:6)
  8 komodo dragons
  A tengu conjurer (D:13)
  A red devil (Lair:6)
  A troll (Orc:1)
  3 polar bears
  Grinder (D:6)
  Prince Ribbit (D:6)
  10 hippogriffs
  7 dream sheep
  A slime creature (D:12)
  18 blink frogs
  Sigmund (D:6)
  A spriggan (D:12)
  4 wraiths
  3 wyverns
  Eustachio (D:5)
  56 yaks
  A hungry ghost (D:14)
  4 basilisks
  A human (D:12)
  4 wargs (Orc:1)
  17 water moccasins
  8 porcupines
  20 orc warriors
  3 black bears
  5 hell hounds (Lair:6)
  A sky beast (D:7)
  5 ice beasts
  6 phantoms
  6 ogres
  3 necrophages (D:9)
  The ghost of eyesofgods1 the Slasher, an amateur DsGl (D:3)
  8 centaurs
  2 big kobolds
  14 crocodiles
  An elf zombie (D:9)
  Blork the orc (D:5)
  15 bullfrogs
  4 scorpions
  16 killer bees
  7 wights
  5 howler monkeys
  9 crimson imps
  A centaur zombie (D:9)
  3 human zombies (D:9)
  5 hounds
  11 jellies
  6 orc wizards
  14 orc priests
  Crazy Yiuf (D:5)
  2 bullfrog skeletons
  2 centaur skeletons
  3 iguanas
  Jessica (D:2)
  A gnoll shaman (D:4)
  Ijyb (D:5)
  5 worker ants
  Natasha (thrice) (D:3)
  A mummy (D:9)
  Robin (D:2)
  12 gnolls
  11 adders
  A shadow imp (D:7)
  4 oozes
  An adder zombie (D:6)
  3 dart slugs
  3 leopard geckos
  52 orcs
  2 giant cockroaches
  13 goblins
  14 hobgoblins
  9 jackals
  3 quokkas
  A ball python (Lair:3)
  9 bats
  4 frilled lizards
  A jackal zombie (D:5)
  21 kobolds
  A leopard gecko skeleton (D:5)
  2 quokka skeletons
  10 rats
  A fungus (Lair:6)
589 creatures vanquished.

Vanquished Creatures (collateral kills)
  2 hydras (Lair:6)
  An elephant (Lair:2)
  A black mamba (Lair:3)
  2 spiny frogs
  A gargoyle (D:12)
  A rime drake (Lair:6)
  A tengu conjurer (D:13)
  2 blink frogs (Lair:6)
  A shadow (D:13)
  A yak (D:13)
  A wraith (D:10)
  2 water moccasins
  An orc warrior (Orc:1)
  A sky beast (D:8)
  A phantom (D:6)
  An ogre (D:8)
  3 centaurs
  A crocodile (Lair:1)
  4 bullfrogs
  A scorpion (D:6)
  A howler monkey (D:13)
  A hound (D:10)
  A bullfrog skeleton (D:10)
  An orc wizard (D:7)
  A worker ant (D:6)
  9 orcs
  A kobold (D:12)
44 creatures vanquished.

Vanquished Creatures (others)
  2 orc warlords (Orc:1)
  A hydra (D:12)
  2 two-headed ogres
  An unseen horror (D:11)
  2 orc knights
  An ugly thing (D:12)
  3 slime creatures (D:12)
  A black mamba (Lair:6)
  A spiny frog (Lair:6)
  A kobold demonologist (D:13)
  2 yaks (Lair:1)
  An orc warrior (Orc:1)
  16 fungi
  5 plants
39 creatures vanquished.

Grand Total: 672 creatures vanquished

Notes
Turn   | Place    | Note
-------+----------+-------------------------------------------
     0 | Abyss:1  | goulibeur the Demonspawn Abyssal Knight began the quest for the Orb.
     0 | Abyss:1  | Reached XP level 1. HP: 18/18 MP: 2/2
    31 | Abyss:1  | Found a corrupted altar of Lugonu.
    53 | Abyss:1  | Found a corrupted altar of Lugonu.
    59 | Abyss:1  | Found a hazy altar of Hepliaklqana.
   114 | Abyss:1  | Found a corrupted altar of Lugonu.
   167 | Abyss:1  | Noticed a starcursed mass
   168 | D:1      | Escaped the Abyss
   211 | D:1      | Reached skill level 1 in Dodging
   361 | D:1      | Gained mutation: You are partially covered in thin metallic scales. (AC +2) [demonic ancestry]
   361 | D:1      | Reached XP level 2. HP: 18/24 MP: 4/4
   367 | D:1      | Reached * piety under Lugonu
   367 | D:1      | Reached skill level 3 in Invocations
   562 | D:1      | Gained mutation: When hurt, damage is shared between your health and your magic reserves. [demonic ancestry]
   562 | D:1      | Reached XP level 3. HP: 25/29 MP: 5/5
  1060 | D:1      | Found a hazy altar of Hepliaklqana.
  1223 | D:2      | Found a white marble altar of Elyvilon.
  1429 | D:2      | Found a shimmering altar of Xom.
  1436 | D:2      | Noticed Jessica
  1455 | D:2      | Killed Jessica
  1455 | D:2      | Reached skill level 1 in Shields
  1455 | D:2      | Reached skill level 4 in Invocations
  1455 | D:2      | Reached XP level 4. HP: 18/35 MP: 5/7
  1819 | D:2      | Reached ** piety under Lugonu
  1965 | D:2      | Noticed Robin
  2007 | D:2      | Killed Robin
  2181 | D:2      | Found a glowing silver altar of Zin.
  2181 | D:2      | Noticed an angel
  2559 | D:3      | Reached XP level 5. HP: 41/41 MP: 8/8
  2606 | D:3      | Found a sacrificial altar of Ru.
  2647 | D:3      | Noticed Natasha
  2657 | D:3      | Killed Natasha
  2661 | D:3      | Noticed eyesofgods1's ghost (amateur DsGl)
  2952 | D:4      | Found a bloodstained altar of Trog.
  3018 | D:4      | Noticed a phantom
  3085 | D:4      | Killed a phantom
  3085 | D:4      | Reached skill level 5 in Invocations
  3213 | D:4      | Reached XP level 6. HP: 43/48 MP: 9/9
  3344 | D:5      | Entered Level 5 of the Dungeon
  3403 | D:5      | Paralysed by fainting for 6 turns
  4090 | D:5      | Got an ichor-stained falchion
  4095 | D:5      | Identified the cursed +3 falchion of Ruyt Jis {flame, rF++ MR-} (You found it on level 5 of the Dungeon)
  4117 | D:5      | Found an ornate altar of the Wu Jian Council.
  4121 | D:5      | Found a radiant altar of Vehumet.
  4121 | D:5      | Found a snail-covered altar of Cheibriados.
  4214 | D:5      | Noticed Ijyb
  4214 | D:5      | Paralysed by Ijyb for 7 turns
  4216 | D:5      | Noticed Blork the orc
  4228 | D:5      | Killed Blork the orc
  4228 | D:5      | Reached skill level 6 in Invocations
  4231 | D:5      | Paralysed by Ijyb for 4 turns
  4237 | D:5      | Paralysed by Ijyb for 2 turns
  4241 | D:5      | Paralysed by Ijyb for 3 turns
  4244 | D:5      | Killed Ijyb
  4244 | D:5      | Gained mutation: You are mostly covered in thin metallic scales. (AC +3) [demonic ancestry]
  4244 | D:5      | Reached XP level 7. HP: 54/54 MP: 11/11
  4484 | D:5      | Found a staircase to the Ecumenical Temple.
  4828 | D:5      | Noticed Eustachio
  4863 | D:5      | Killed Eustachio
  4863 | D:5      | Reached skill level 7 in Invocations
  4943 | D:5      | Found a runed door.
  5052 | D:5      | Noticed Crazy Yiuf
  5063 | D:5      | Killed Crazy Yiuf
  5309 | D:3      | Noticed Natasha
  5315 | D:3      | Killed Natasha
  5315 | D:3      | Reached *** piety under Lugonu
  5416 | D:3      | Noticed Natasha
  5421 | D:3      | Killed Natasha
  5781 | D:3      | Killed eyesofgods1's ghost
  5781 | D:3      | Gained mutation: A weak demonic guardian rushes to your aid. [demonic ancestry]
  5781 | D:3      | Reached XP level 8. HP: 58/61 MP: 13/13
  5939 | D:6      | Noticed Sigmund
  5944 | D:6      | Killed Sigmund
  5948 | D:6      | Noticed Grinder
  5965 | D:6      | Killed Grinder
  5965 | D:6      | Reached skill level 5 in Fighting
  5965 | D:6      | Reached skill level 8 in Invocations
  6261 | D:6      | Reached skill level 9 in Invocations
  6355 | D:6      | Found a white marble altar of Elyvilon.
  6580 | D:6      | Gained mutation: You are completely covered in thin metallic scales. (AC +4, rElec) [demonic ancestry]
  6580 | D:6      | Reached XP level 9. HP: 66/68 MP: 13/15
  6734 | D:6      | Noticed Prince Ribbit
  6745 | D:6      | Killed Prince Ribbit
  7337 | D:7      | Reached skill level 5 in Armour
  7446 | D:7      | Reached skill level 10 in Invocations
  7481 | D:7      | Reached **** piety under Lugonu
  7581 | D:7      | Found an iron altar of Okawaru.
  7771 | D:7      | Found a shadowy altar of Dithmenos.
  7794 | D:7      | Found a stormy altar of Qazlal.
  8134 | D:7      | Reached skill level 5 in Dodging
  8514 | D:7      | Found Mube's Jewellery Shoppe.
  8620 | D:7      | Found a glowing golden altar of the Shining One.
  8861 | D:8      | Reached skill level 5 in Shields
  9030 | D:8      | Found Qugy's Armour Shop.
  9165 | D:8      | Found an opulent altar of Gozag.
  9618 | D:9      | Reached skill level 11 in Invocations
  9722 | D:9      | Gained mutation: You have large cloven feet. [demonic ancestry]
  9722 | D:9      | Reached XP level 10. HP: 63/77 MP: 15/18
  9870 | D:9      | Found a sparkling altar of Nemelex Xobeh.
 10074 | D:9      | Found an ancient bone altar of Kikubaaqudgha.
 10342 | D:10     | Entered Level 10 of the Dungeon
 10366 | D:10     | Noticed a two-headed ogre
 10378 | D:10     | Banished a two-headed ogre
 10539 | D:10     | Noticed a two-headed ogre
 10561 | D:10     | Banished a two-headed ogre
 10561 | D:10     | Reached skill level 12 in Invocations
 11519 | D:11     | Banished an unseen horror
 11588 | D:11     | You fall through a shaft for 2 floors!
 11588 | D:13     | Noticed a two-headed ogre
 11589 | D:13     | Banished a two-headed ogre
 11589 | D:13     | Gained mutation: You regenerate magic rapidly. [demonic ancestry]
 11589 | D:13     | Reached XP level 11. HP: 84/84 MP: 20/20
 11613 | D:13     | Noticed a deep elf mage
 11618 | D:13     | Found a flagged portal.
 11638 | Bailey   | Entered a bailey
 11706 | Bailey   | Noticed an orc knight
 11814 | Bailey   | Noticed an orc knight
 11925 | Bailey   | Banished an orc knight
 12065 | Bailey   | Found the +3 pair of gauntlets of War {Slay+5}
 12238 | D:13     | Reached skill level 13 in Invocations
 12265 | D:13     | Noticed a sixfirhy
 12278 | D:13     | Killed a deep elf mage
 12318 | D:13     | Noticed a red ugly thing
 12332 | D:13     | Killed a red ugly thing
 12341 | D:13     | Found Seazyar's Gadget Shoppe.
 12478 | D:13     | Noticed a tengu warrior
 12490 | D:13     | Killed a tengu warrior
 12741 | D:13     | Noticed a purple ugly thing
 12790 | D:13     | Killed an unseen horror
 12790 | D:13     | Reached skill level 14 in Invocations
 12807 | D:13     | Killed a purple ugly thing
 12970 | D:13     | Noticed a catoblepas
 13275 | D:12     | Noticed a six-headed hydra
 13278 | D:12     | Banished a six-headed hydra
 13315 | D:12     | Reached XP level 12. HP: 94/94 MP: 22/22
 13937 | D:12     | Found a staircase to the Orcish Mines.
 14251 | D:12     | Reached skill level 15 in Invocations
 14934 | D:11     | Found a staircase to the Lair.
 15123 | D:11     | Noticed Snorg
 15134 | D:11     | Banished Snorg
 15389 | Lair:1   | Entered Level 1 of the Lair of Beasts
 16762 | Lair:2   | Reached skill level 16 in Invocations
 16835 | Lair:2   | Gained mutation: When low on magic, you restore magic in place of health. [demonic ancestry]
 16835 | Lair:2   | Reached XP level 13. HP: 99/101 MP: 23/25
 17158 | Lair:2   | Found a staircase to the Swamp.
 17640 | Lair:2   | Found a shimmering altar of Xom.
 18259 | Lair:3   | Reached skill level 10 in Fighting
 18267 | Lair:3   | Found a staircase to the Snake Pit.
 18836 | Lair:4   | Reached ***** piety under Lugonu
 19049 | Lair:4   | Reached skill level 17 in Invocations
 20558 | Lair:6   | Entered Level 6 of the Lair of Beasts
 20723 | Lair:6   | Gained mutation: You have hoof-like feet. [demonic ancestry]
 20723 | Lair:6   | Reached XP level 14. HP: 59/111 MP: 26/26
 21151 | Lair:6   | Reached skill level 18 in Invocations
 21225 | Lair:6   | Reached skill level 10 in Armour
 21332 | Lair:6   | Found a burning altar of Makhleb.
 21381 | Lair:6   | Found a gateway to Hell.
 21477 | Lair:6   | Reached ****** piety under Lugonu
 21677 | Lair:6   | Noticed eyesofgods1's ghost (journeyman DEEE)
 22056 | Lair:6   | Killed eyesofgods1's ghost
 22191 | Lair:6   | Found a staircase to the Slime Pits.
 23475 | D:14     | Reached skill level 10 in Dodging
 23663 | Orc:1    | Entered Level 1 of the Orcish Mines
 23865 | Orc:1    | Reached skill level 10 in Shields
 24017 | Orc:1    | Paralysed by an orc sorcerer for 4 turns
 24039 | Orc:1    | Noticed an orc warlord
 24080 | Orc:1    | Banished an orc warlord
 24202 | Orc:1    | Noticed an orc warlord
 24232 | Orc:1    | Banished an orc warlord
 24506 | Orc:2    | Entered Level 2 of the Orcish Mines
 24539 | Orc:2    | Noticed an orc warlord
 24710 | Orc:1    | Slain by an orc warrior

Skill      XL: |  1  2  3  4  5  6  7  8  9 10 11 12 13 14 |
---------------+-------------------------------------------+-----
Dodging        | 1 2 3 4 5 6 7 8 9 10 | 10.2
Invocations    | 3 4 5 6 7 9 11 12 14 16 17 18 | 18.5
Armour         | 2 3 4 5 6 7 8 9 10 | 10.5
Shields        | 1 2 3 4 5 6 7 8 9 10 | 10.2
Fighting       | 4 5 6 7 8 9 10 11 | 11.4
Short Blades   | |  1.7

Action                   |  1- 3 |  4- 6 |  7- 9 | 10-12 | 13-15 || total
-------------------------+-------+-------+-------+-------+-------++-------
Melee: Short sword       |   159 |   436 |       |       |       ||   595
       Falchion          |       |    18 |   477 |   900 |  1079 ||  2474
       Kick              |       |       |       |   382 |   503 ||   885
Invok: Depart the Abyss  |     1 |       |       |       |       ||     1
       Banish            |       |       |       |    19 |    13 ||    32
Evoke: Wand              |       |     2 |       |       |       ||     2
  Use: Potion            |       |       |     1 |       |     4 ||     5
       Scroll            |       |       |    10 |    14 |    11 ||    35
 Stab: Sleeping          |     2 |       |       |       |       ||     2
       Distracted        |       |       |     6 |     7 |     5 ||    18
  Eat: Chunk             |     2 |     6 |    12 |    22 |    20 ||    62
       Ration            |       |     1 |     2 |     3 |     3 ||     9
Armor: Leather armour    |    49 |       |       |       |       ||    49
       Ring mail         |       |    30 |       |       |       ||    30
       Plate armour      |       |   269 |   388 |   801 |   873 ||  2331
Dodge: Dodged            |    75 |   115 |   151 |   344 |   552 ||  1237
Block: Buckler           |    25 |    88 |   147 |   325 |   442 ||  1027
       Rpst.: Falchion   |       |       |    46 |    89 |   140 ||   275
